 Dungeon Crawl Stone Soup version 0.30-a0-930-gb9d0489357 (webtiles) character file.

Game seed: 8154250339321287968

11 lunkers the Cudgeller (level 2, 0/24 HPs)
             Began as a Meteoran Reaver on Mar 23, 2023.
             Slain by an adder (3 damage)
             ... on level 2 of the Dungeon.
             The game lasted 00:01:12 (385 turns).

lunkers the Cudgeller (Meteoran Reaver)              Turns: 385, Time: 00:01:13

Health: 0/24       AC:  3    Str: 13    XL:     2   Next: 58%
Magic:  6/6        EV: 12    Int: 14    God:
Gold:   29         SH:  0    Dex: 12    Spells: 5/6 levels left

rFire   . . .      SeeInvis .    a - +0 mace
rCold   . . .      Faith    .    (no shield)
rNeg    . . .      Spirit   .    b - +0 leather armour
rPois   .          Reflect  .    (no helmet)
rElec   .          Rampage  .    (no cloak)
rCorr   .                        (no gloves)
Will    .....                    (no boots)
Stlth   +                        (no amulet)
HPRegen 0.24/turn                (no ring)
MPRegen 0.10/turn                (no ring)

@: lethally poisoned (0 -> -5), glowing
A: sense surroundings 1, otherworldly, glowing, explore regen
a: no special abilities


You were on level 2 of the Dungeon.
You visited 1 branch of the dungeon, and saw 2 of its levels.

You collected 29 gold pieces.

Inventory:

Hand Weapons
 a - a +0 mace (weapon)
Armour
 b - a +0 leather armour (worn)
Scrolls
 c - 2 scrolls of identify {unknown}
 d - a scroll of magic mapping {unknown}
 e - a scroll of fear {unknown}


   Skills:
 - Level 2.1 Fighting
 + Level 4.9 Maces & Flails
 - Level 2.4 Dodging
 - Level 2.6 Spellcasting
 - Level 3.6 Conjurations


You had 5 spell levels left.
You knew the following spells:

 Your Spells              Type           Power      Damage    Failure   Level
p - Kiss of Death         Conj/Necr      24%        2d7       14%         1

Your spell library contained the following spells:

 Spells                   Type           Power      Damage    Failure   Level
 Momentum Strike          Conj/Tloc      12%        3d8       21%         2
 Hailstorm                Conj/Ice       6%         3d4       38%         3


Dungeon Overview and Level Annotations

Branches:
Dungeon (2/15) Zot: 804

Altars:

Annotations:
D:2 Terence


Innate Abilities, Weirdness & Mutations

You passively map a small area around you.
You are easily found by Zot.
You glow in the dark.
You regain HP and MP as you explore.


Message History

The jackal bites you but does no damage.
The adder bites you.
You barely miss the adder.
The adder is severely wounded.
You feel sick. The jackal closely misses you. The adder bites you.
You are more poisoned.
The adder poisons you! The jackal completely misses you.
You hit the adder but do no damage.
The adder is severely wounded.
You feel very sick. The adder bites you but does no damage.
The jackal bites you but does no damage.
The adder bites you but does no damage.
The jackal bites you but does no damage.
Unknown command.
You closely miss the adder.
The adder is severely wounded.
You feel sick. The adder bites you but does no damage.
The jackal bites you but does no damage.
Terence screams, "I want your blood!"
You hit the adder.
The adder is almost dead.
You feel sick. The adder bites you but does no damage. The jackal bites you.
* * * LOW HITPOINT WARNING * * *
The adder bites you.
* * * LOW HITPOINT WARNING * * *
You are lethally poisoned!
The adder poisons you!
You aren't carrying any potions.
Unknown command.
You closely miss the adder.
The adder is almost dead.
* * * LOW HITPOINT WARNING * * *
You feel very sick. The adder misses you. The jackal barely misses you.
You barely miss the adder.
The adder is almost dead.
* * * LOW HITPOINT WARNING * * *
You feel sick. The adder bites you.
You die...

,
.................
######...#.......
, * #...########
, #...# * ##...#
* , #....# , ,
#....# * #....# *
* #@#### , ,


#hSh# * #@..# * * ,....... , * ###......# * * .....#.# , , ,, .#.##.#... , *
.#.. .# ...* , , # .. .h .. , You could see Terence, an adder and 2 jackals.

Vanquished Creatures
  3 bats (D:1)
  2 jackals (D:2)
  2 ball pythons
  2 frilled lizards (D:1)
  2 kobolds (D:1)
11 creatures vanquished.

Notes
Turn   | Place    | Note
-------+----------+-------------------------------------------
     0 | D:1      | lunkers the Meteoran Reaver began the quest for the Orb.
     0 | D:1      | Reached XP level 1. HP: 17/17 MP: 5/5
   188 | D:1      | Reached XP level 2. HP: 24/24 MP: 6/6
   373 | D:2      | Noticed Terence
   385 | D:2      | Slain by an adder

Illustrated notes

Levels and vault maps discovered:
D:1:      tarquinn_simple_flora_water_e, layout_basic, serial_forest,
          infiniplex_forest_end_2, infiniplex_forest_straight_4,
          infiniplex_forest_zigzag_2, infiniplex_forest_clump_long,
          infiniplex_forest_lined_3, infiniplex_forest_lined_corner,
          infiniplex_forest_clump_curved, infiniplex_forest_straight_2,
          minmay_tripent
D:2:      layout_loops_cross, nicolae_titane, uniq_terence

Action                     || total
---------------------------++-------
  Melee: Mace              ||    60
         Punch             ||     1
 Armour: Leather armour    ||    43
  Dodge: Dodged            ||    47

Table legend: (Time is in decaauts)
 A = Elapsed time spent in this place.
 B = Non-inter-level travel time spent in this place.
 C = Inter-level travel time spent in this place.
 D = Time resting spent in this place.
 E = Time spent auto-exploring this place.
 F = Levels seen in this place.
 G = Mean time per level.
                   A        B        C        D        E       F      G
               +--------+--------+--------+--------+--------+-----+--------+
         Total |    394 |    379 |     15 |      0 |    259 |   2 |  197.0 |
       Dungeon |    394 |    379 |     15 |      0 |    259 |   2 |  197.0 |
               +--------+--------+--------+--------+--------+-----+--------+

Top non-repeatable levels by time:
     D:1: 237 daAuts
     D:2: 157 daAuts
